Map: Prion Terraces

Players

Skimpy - Winner!

  • Race: Zerg Zerg
  • League: Diamond

ignite

  • Race: Terran Terran
  • League: Master

VOD

Have the link to the VOD?

Description

Time

  • Played on: Feb. 17, 2016, 4:14 p.m.
  • Length: 16:22
Show
View Real Time Build Order
Export as new Build Order

Skimpy Zerg - Winner!

Build Orders: Hatch First, Muta Ling Bane 

Get SALT Encoding   

  12  0:01  Drone  
  13  0:12  Overlord  
  13  0:17  Drone  
  14  0:30  Drone x2  
  14  0:35  Drone  
  17  0:52  Hatchery  
  17  0:56  Drone  
  17  0:58  Drone  
  18  1:05  Extractor  
  17  1:14  Spawning Pool  
  17  1:16  Drone  
  17  1:20  Drone  
  18  1:28  Drone  
  19  1:39  Overlord  
  19  1:50  Drone  
  20  2:01  Queen  
  22  2:04  Queen  
  22  2:05  Zergling x4  
  26  2:12  Metabolic Boost  
  26  2:16  Drone  
  26  2:19  Drone  
  28  2:25  Drone  
  29  2:31  Drone  
  30  2:37  Drone x2  
  30  2:41  Queen  
  33  2:46  Queen  
  36  2:51  Drone  
  36  2:52  Overlord  
  36  3:10  Hatchery  
  27  3:28  Drone x4  
  27  3:29  Drone x5  
  27  3:34  Extractor  
  35  3:35  Extractor  
  34  3:43  Overlord  
  34  3:48  Drone x3  
  37  3:58  Drone x3  
  37  4:00  Drone x2  
  42  4:04  Lair  
  42  4:11  Drone  
  42  4:13  Drone  
  42  4:14  Zergling x6  
  47  4:23  Zergling x2  
  47  4:24  Zergling x8  
  51  4:29  Baneling Nest  
  51  4:34  Pneumatized Carapace  
  51  4:41  Zergling x10  
  55  4:56  Zergling x8  
  55  4:58  Overlord x2  
  55  4:59  Overlord  
  57  5:23  Centrifical Hooks  
  57  5:24  Overlord  
  57  5:25  Overlord  
  57  5:26  Zergling x2  
  57  5:27  Zergling x8  
  62  5:36  Zergling x12  
  62  5:37  Zergling x4  
  70  5:52  Baneling x4  
  70  5:53  Baneling x8  
  70  5:55  Baneling x5  
  70  5:56  Zergling x4, Baneling x2  
  72  6:01  Drone x2  
  72  6:02  Drone  
  72  6:03  Drone  
  59  6:35  Zergling x22  
  65  6:49  Zergling x12  
  65  6:50  Zergling x6  
  74  6:54  Baneling  
  74  6:55  Baneling  
  74  6:57  Zergling x2  
  74  6:58  Zergling x4  
  75  7:02  Zergling x2  
  75  7:05  Zergling x2  
  75  7:06  Queen  
  75  7:10  Baneling x6  
  75  7:11  Baneling x8  
  75  7:15  Zergling x2  
  75  7:16  Zergling x4  
  55  7:51  Zergling x2  
  55  7:52  Zergling x16  
  62  8:01  Zergling x2  
  62  8:02  Zergling x2  
  62  8:03  Queen  
  64  8:06  Extractor  
  64  8:07  Extractor  
  64  8:08  Spire  
  60  8:15  Zergling x2  
  60  8:16  Zergling x8  
  64  8:20  Hatchery  
  64  8:22  Extractor  
  64  8:25  Hatchery  
  61  8:29  Evolution Chamber  
  61  8:30  Evolution Chamber  
  61  8:31  Baneling x4  
  61  8:32  Baneling x4  
  61  8:33  Drone x4  
  61  8:34  Drone x5  
  65  8:35  Drone x2  
  69  8:49  Drone x3  
  69  8:50  Drone  
  69  8:56  Zerg Ground Armor Level 1  
  69  8:57  Zerg Melee Weapons Level 1  
  66  9:03  Drone x3  
  66  9:11  Drone x2  
  66  9:23  Mutalisk  
  66  9:24  Mutalisk x5  
  75  9:31  Zerg Flyer Weapons Level 1, Mutalisk  
  75  9:35  Drone x2  
  75  9:38  Drone  
  80  9:39  Drone  
  80  9:40  Drone  
  80  9:44  Drone x2  
  84  9:47  Drone x3  
  87  9:53  Overseer  
  87  9:54  Overseer  
  87  9:55  Mutalisk  
  87  9:57  Drone x2  
  91  10:09  Mutalisk x3  
  97  10:38  Zergling x8  
  97  10:41  Overlord  
  97  10:42  Overlord x3  
  95  10:57  Zergling x2  
  95  10:58  Zergling x2  
  95  11:01  Mutalisk x7  
  109  11:18  Hatchery, Drone x6  
  111  11:19  Drone x4  
  114  11:51  Zergling x2  
  114  11:52  Zergling x26  
  125  12:00  Baneling  
  125  12:01  Baneling x15  
  125  12:04  Extractor, Mutalisk x2  
  125  12:05  Extractor  
  125  12:07  Overlord x2  
  108  12:25  Drone x3  
  108  12:26  Drone x3  
  108  12:27  Drone x3  
  98  12:48  Drone  
  98  12:49  Drone x8  
  107  13:02  Zergling x2  
  107  13:03  Zergling x6  
  111  13:19  Mutalisk x6  
  107  13:20  Mutalisk  
  107  13:23  Baneling x2  
  107  13:24  Baneling x4  
  117  13:41  Mutalisk x7  
  110  13:50  Drone x3  
  110  13:51  Drone x2  
  115  14:03  Zergling x12  
  121  14:11  Hatchery  
  121  14:14  Zergling x8  
  121  14:15  Zergling x6  
  120  14:42  Zergling x2  
  120  14:43  Zergling x36  
  138  14:58  Zergling x2  
  138  14:59  Zergling x12  
  117  15:19  Zergling x2  
  117  15:20  Zergling x16  
  125  15:35  Mutalisk  
  123  15:51  Zergling x8  
  123  15:52  Zergling x20  
  135  16:01  Extractor  
  135  16:02  Extractor  
Show
View Real Time Build Order
Export as new Build Order

ignite Terran 

Build Orders: Reaper Expand 

Get SALT Encoding   

  12  0:00  SCV  
  13  0:13  SCV  
  14  0:18  Supply Depot  
  14  0:25  SCV  
  15  0:39  SCV  
  15  0:40  Barracks  
  16  0:45  Refinery  
  16  0:51  SCV  
  17  1:03  SCV  
  18  1:16  SCV  
  19  1:28  Orbital Command  
  19  1:29  Reaper  
  20  1:42  Command Center  
  20  1:54  Supply Depot, SCV  
  22  2:01  Reaper  
  22  2:06  SCV  
  23  2:18  SCV  
  24  2:27  Command Center  
  24  2:35  Factory  
  24  2:47  SCV  
  25  2:52  Barracks Reactor  
  25  2:57  Orbital Command  
  25  3:00  SCV  
  26  3:26  SCV x2  
  28  3:36  Barracks Tech Lab  
  28  3:37  Refinery, Hellion x2  
  28  3:40  Orbital Command  
  32  3:42  SCV x2  
  36  3:55  SCV x2  
  36  3:56  Marine  
  36  3:58  Stimpack, Hellion x2  
  41  4:07  SCV  
  41  4:09  SCV, Bunker  
  44  4:10  SCV  
  44  4:11  Supply Depot  
  44  4:19  SCV, Hellion  
  44  4:20  Hellion  
  44  4:22  Marine  
  50  4:24  SCV x2  
  52  4:33  SCV, Engineering Bay  
  52  4:34  Engineering Bay  
  53  4:39  SCV x2  
  55  4:49  Marine  
  56  4:53  Barracks x2  
  56  4:56  Factory Reactor  
  56  4:57  SCV x3  
  58  5:00  Orbital Command  
  58  5:02  Refinery x2  
  58  5:10  Supply Depot  
  58  5:18  Marine  
  58  5:19  SCV x2  
  58  5:26  SCV  
  59  5:30  Missile Turret  
  59  5:33  Missile Turret, SCV x2  
  61  5:36  Marine  
  61  5:38  SCV  
  61  5:41  Terran Infantry Weapons Level 1, Terran Infantry Armor Level 1  
  63  5:43  Marine x2, Barracks, Starport, Supply Depot  
  63  5:44  Supply Depot  
  63  5:45  Barracks  
  63  5:47  SCV, Factory Reactor  
  63  5:48  SCV  
  67  5:52  SCV  
  67  5:53  Marine x2  
  67  5:54  Marine  
  71  5:59  Supply Depot, SCV  
  71  6:02  Marine x2  
  75  6:04  SCV  
  75  6:06  SCV  
  75  6:10  Marine  
  75  6:11  Marine  
  77  6:12  Marine  
  77  6:13  SCV, Bunker  
  77  6:14  Bunker  
  77  6:17  Bunker  
  59  6:20  SCV, Marine x2  
  59  6:21  Medivac  
  59  6:26  SCV  
  56  6:34  Marine x2  
  56  6:35  SCV  
  56  6:36  Marine  
  56  6:37  Marine x2  
  56  6:38  Marine  
  51  6:44  Marine  
  48  6:51  Medivac, Widow Mine x2  
  48  6:52  Marine x2  
  48  6:54  Marine  
  54  7:01  Marine  
  54  7:02  Marine  
  56  7:14  SCV  
  52  7:17  Supply Depot  
  52  7:20  Marine  
  52  7:21  Marine x4  
  57  7:23  SCV  
  57  7:24  Marine  
  59  7:34  Marine  
  58  7:38  Marine x2  
  58  7:39  Marine  
  56  7:50  Marine x2, Orbital Command  
  56  7:51  Marine  
  44  7:52  Marine  
  44  7:56  Marine  
  42  8:06  Marine x2  
  42  8:08  Supply Depot  
  42  8:09  Marine x2  
  46  8:18  Marine  
  47  8:21  SCV x2  
  47  8:22  SCV  
  50  8:35  Marine x5  
  50  8:36  Marine x2  
  57  8:42  SCV x2  
  57  8:43  SCV  
  57  8:44  Bunker  
  60  8:53  Marine x2  
  56  9:03  Marine x4  
  56  9:04  SCV  
  56  9:05  SCV x2  
  63  9:14  Marine x3  
  66  9:21  Marine x4  
  70  9:32  Marine x2  
  70  9:34  Marine  
  70  9:35  SCV x3  
  78  9:39  Marine x4  
  78  9:41  Command Center  
  82  9:47  SCV  
  82  9:49  Marine  
  82  9:50  Marine  
  81  9:54  Marine  
  81  9:55  Factory Reactor  
  81  9:56  Medivac  
  81  9:57  Medivac  
  86  10:08  SCV x3  
  86  10:09  Missile Turret, Marine x4  
  86  10:10  Barracks Reactor  
  86  10:12  Barracks Reactor  
  86  10:13  Marine  
  91  10:23  Missile Turret  
  91  10:26  Marine  
  91  10:27  Marine x3, Bunker, Supply Depot  
  95  10:31  Marine  
  92  10:44  Marine x3  
  92  10:45  Marine, Widow Mine x2  
  100  10:54  Marine  
  100  10:55  Marine x2  
  100  10:56  Marine  
  85  11:02  Marine x4  
  80  11:15  Marine x4  
  80  11:16  Marine  
  78  11:36  Marine x4  
  78  11:37  Marine x3, Widow Mine x2  
  90  11:42  Medivac  
  92  11:51  Marine  
  88  11:55  Missile Turret  
  82  12:25  Marine x6  
  82  12:26  Marine  
  88  12:40  Widow Mine  
  88  12:43  Marine x4  
  74  12:46  Marine x3  
  71  13:00  Marine  
  71  13:01  Marine x3  
  71  13:03  Widow Mine  
  75  13:20  Marine x2  
  75  13:21  Marine x3  
  80  13:31  Marine x2  
  81  13:38  Marine x2  
  81  13:40  Marine x3  
  55  13:49  Marine x2  
  55  13:51  Widow Mine  
  55  13:53  Widow Mine  
  55  13:54  Medivac x2  
  65  13:56  Marine x2  
  65  13:58  Marine x3  
  70  14:07  Marine x2  
  72  14:14  Marine x2  
  72  14:16  Marine x2  
  76  14:17  Barracks Reactor  
  53  14:41  Marine x6  
  48  14:58  Marine  
  48  14:59  Marine x4  
  48  15:00  Marine x3  
  48  15:03  Widow Mine x2  
  48  15:04  Medivac x2  
  48  15:16  Marine x3  
  41  15:44  Marine x4  
  41  15:45  Marine x4, Widow Mine  
  41  15:46  Widow Mine  
  41  15:47  Medivac  
  44  16:02  Marine x3  
  30  16:12  Barracks Reactor  
Tags
 
Add a new tag
Caveats
  • Supply blocks, unpowered buildings, or Contaminate may cause inaccurate times.
  • Supply counts are checked every 10 seconds.